 Dungeon Crawl Stone Soup version 0.29-a0-72-g1732ff48e7 (webtiles) character file.

Game seed: 6844583324970313151

15624 lunkers the Geomancer (level 12, -12/86 (89) HPs)
             Began as a Formicid Earth Elementalist on Feb 3, 2022.
             Was an Elder of Vehumet.
             Mangled by a purple ugly thing (15 damage)
             ... on level 12 of the Dungeon.
             The game lasted 00:31:01 (17661 turns).

lunkers the Geomancer (FoEE)                       Turns: 17661, Time: 00:31:02

HP:   -12/86 (89)   AC:  8    Str: 12    XL:     12   Next: 60%
MP:   1/24          EV: 11    Int: 27    God:    Vehumet [****..]
Gold: 1317          SH:  3    Dex: 11    Spells: 22/28 levels left

rFire   + . .      SeeInvis +   j - staff of fire
rCold   + . .      Faith    .   g - +0 buckler
rNeg    . . .      Spirit   .   s - +1 troll leather armour
rPois   .          Reflect  .   (helmet unavailable)
rElec   .          Harm     .   (no cloak)
rCorr   .          Rampage  .   c - +2 pair of gloves of Caustic Awe {+Inv rC+ SInv}
Will    +....                   (no boots)
Stlth   ++........              (no amulet)
HPRegen 1.04/turn               f - ring of flight
MPRegen 0.19/turn               u - +6 ring of intelligence

@: flying, lightly drained
A: permanent stasis, dig shafts and tunnels, antennae 3, four strong arms
a: Dig, Shaft Self, Renounce Religion, Evoke Invisibility


You were on level 12 of the Dungeon.
You worshipped Vehumet.
Vehumet was greatly pleased with you.
You visited 2 branches of the dungeon, and saw 13 of its levels.
You also visited: Bailey.

You collected 1362 gold pieces.
You spent 45 gold pieces at shops.

Inventory:

Hand Weapons
 n - a +0 dagger of holy wrath
 r - a +3 vampiric short sword
Missiles
 a - 3 throwing nets
 i - 224 stones
Armour
 c - the +2 pair of gloves of Caustic Awe (worn) {+Inv rC+ SInv}
   (You found it in a bailey)

   rC:        It protects you from cold.
   SInv:      It lets you see invisible.
   +Inv:      It lets you turn invisible.
 g - a +0 buckler (worn)
 k - the +2 leather armour of Magic {Dex+2}
   (You found it on level 2 of the Dungeon)

   Dex:       It affects your dexterity (+2).
 s - a +1 troll leather armour (worn)
Magical Staves
 j - a staff of fire (weapon)
Jewellery
 f - a ring of flight (left hand)
 o - a ring of protection from cold
 u - a +6 ring of intelligence (right hand)
 D - a ring of poison resistance
Wands
 x - a wand of acid (4)
 y - a wand of iceblast (8)
 B - a wand of mindburst (2)
 E - a wand of digging (3)
Scrolls
 h - 2 scrolls of vulnerability
 l - 2 scrolls of immolation
 v - a scroll of fear
 w - 2 scrolls of enchant armour
Potions
 b - a potion of mutation
 d - 2 potions of curing
 e - a potion of might {unknown}
 m - 2 potions of flight
 p - 2 potions of brilliance
 q - a potion of heal wounds
 t - a potion of invisibility {unknown}
 z - a potion of resistance {unknown}
 C - 3 potions of attraction {unknown}
Miscellaneous
 A - a condenser vane (inert)


   Skills:
 + Level 6.6 Fighting
 - Level 1.7 Dodging
 - Level 2.4 Stealth
 + Level 8.7 Spellcasting
 * Level 10.8 Conjurations
 - Level 1.1 Transmutations
 * Level 14.5 Earth Magic


You had 22 spell levels left.
You knew the following spells:

 Your Spells              Type           Power      Damage    Failure   Level
a - Stone Arrow           Conj/Erth      100%       3d13      1%          3
b - Passwall              Tmut/Erth      43%        N/A       1%          2
c - Sandblast             Erth           100%       2d20      0%          1

Your spell library contained the following spells:

 Spells                   Type           Power      Damage    Failure   Level
 Ignite Poison            Fire/Tmut/Pois 20%        N/A       6%          3
 Foxfire                  Conj/Fire      100%       2x1d9     1%          1
 Conjure Flame            Conj/Fire      58%        6-21      1%          3
 Flame Wave               Conj/Fire      58%        2d11      2%          4
 Petrify                  Tmut/Erth      52%        N/A       3%          4
 Beastly Appendage        Tmut           34%        N/A       5%          1
 Inner Flame              Hex/Fire       17%        N/A       7%          3
 Wereblood                Tmut           17%        N/A       8%          2
 Corpse Rot               Necr/Air       22%        N/A       12%         2
 Spider Form              Tmut/Pois      14%        N/A       21%         3
 Gell's Gravitas          Tloc           11%        N/A       24%         3
 Lesser Beckoning         Tloc           11%        N/A       24%         3
 Teleport Other           Tloc           11%        N/A       24%         3
 Statue Form              Tmut/Erth      34%        N/A       45%         6
 Cause Fear               Hex            5%         N/A       63%         4
 Dispel Undead            Necr           11%        3d9       63%         4
 Metabolic Englaciation   Hex/Ice        5%         N/A       92%         5
 Death Channel            Necr           5%         N/A       100%        6
 Discord                  Hex            5%         N/A       100%        8


Dungeon Overview and Level Annotations

Branches:
Dungeon (12/15)            Temple (1/1) D:6            Lair (0/6) D:11
 Bailey (visited)
    Orc: D:9-12

Altars:
Ashenzari
Cheibriados
Dithmenos
Elyvilon
Fedhas
Gozag
Hepliaklqana
Kikubaaqudgha
Makhleb
Nemelex Xobeh
Okawaru
Qazlal
Ru
Sif Muna
Trog
Uskayaw
Vehumet
Wu Jian
Xom
Yredelemnul
Zin
The Shining One

Shops:
D:5 (   D:10 *

Annotations:
D:10 3 runed translucent doors, DarkBird's ghost, novice DDHu


Innate Abilities, Weirdness & Mutations

You cannot be hasted, slowed, berserked, paralysed or teleported.
You can dig through walls and to a lower floor.
You have a pair of large antennae on your head. (SInv)
Your four strong arms can wield two-handed weapons with a shield.


Message History

The purple ugly thing is heavily wounded.
* * * LOW MAGIC WARNING * * *
The purple ugly thing misses you.
Unknown command.
Casting: Stone Arrow (safe; 1% risk of failure)
Confirm with . or Enter, or press ? or * to list all spells.
Aiming: Stone Arrow (safe; 1% risk of failure)
Press: ? - help, Shift-Dir - straight line, f/p - purple ugly thing
Aim: a purple ugly thing (heavily wounded, 78% to hit)
The stone arrow misses the purple ugly thing.
The stone arrow hits the orc!!
You kill the orc!
Vehumet accepts your kill.
You feel your power returning.
* * * LOW MAGIC WARNING * * *
The purple ugly thing punches you!
* * * LOW HITPOINT WARNING * * *
Clouds of poison gas condense around you!
The condenser dries out!
The orc is engulfed in poison gas.
The orc is poisoned.
The purple ugly thing is engulfed in poison gas.
The purple ugly thing is poisoned.
The purple ugly thing punches you!
* * * LOW HITPOINT WARNING * * *
Casting: Stone Arrow (safe; 1% risk of failure)
Confirm with . or Enter, or press ? or * to list all spells.
Aiming: Stone Arrow (safe; 1% risk of failure)
Press: ? - help, Shift-Dir - straight line, f/p - purple ugly thing
Aim: a purple ugly thing (poison gas, heavily wounded, poisoned, 78% to hit)
The stone arrow hits the purple ugly thing!!
The purple ugly thing is almost dead.
* * * LOW MAGIC WARNING * * *
The orc is poisoned.
The orc is engulfed in poison gas.
The orc looks even sicker.
You kill the orc!
Vehumet accepts your kill.
You feel your power returning.
The purple ugly thing is engulfed in poison gas.
The purple ugly thing looks even sicker.
The purple ugly thing punches you!
You die...

.# #.# o #.# #.# {{. #o#
#. #.# {.##o# #.## #.# {
'#{## ..# #.# { #{..###
#.###.### { #)8)+.#
#.......# #){.#.#
#..##.#.# #######{##@#
#..##.#.#
.."....{##u#####...#.#.#
......{{{o§§.....#.#)#.#
.......{##########.#.#.#
#####...# #.#.#'####
#...# #.#.†..... #...#
#.....[... #...#
##........ #####
#..#.####


You could see a purple ugly thing (very poisoned) and an orc (poisoned).

Vanquished Creatures
  A boulder beetle (D:12)
  5 two-headed ogres
  2 manticores (D:11)
  A yaktaur (D:12)
  An unseen horror (D:10)
  A kobold demonologist (D:9)
  2 komodo dragons
  4 trolls
  A shadow (D:9)
  A basilisk (D:11)
  12 yaks
  4 wyverns
  A wraith (D:10)
  2 steam dragons (D:10)
  3 vampire mosquitoes (D:11)
  5 water moccasins
  5 orc warriors
  2 sky beasts
  A black bear (D:5)
  2 necrophages (D:6)
  3 ogres
  3 wolves (Bailey)
  5 centaurs
  A phantom (D:6)
  10 gnoll sergeants
  3 kobold brigands
  3 bullfrogs
  2 scorpions
  A water moccasin skeleton (D:4)
  10 killer bees
  8 wights (D:9)
  A howler monkey (D:9)
  A vampire bat (D:11)
  An electric eel (D:8)
  2 jellies (D:5)
  8 gnoll shamans
  7 orc priests
  4 hounds
  A centaur skeleton (D:6)
  4 iguanas
  9 orc wizards
  A howler monkey zombie (D:9)
  22 gnolls
  10 adders
  2 shadow imps
  A white imp (D:6)
  5 worms
  A dart slug (D:1)
  45 orcs
  3 ball pythons
  8 endoplasms
  3 giant cockroaches
  9 hobgoblins
  5 jackals (D:2)
  6 kobolds
  2 quokkas
  14 bats
  3 frilled lizards (D:1)
  12 goblins
  A quokka skeleton (D:4)
  6 rats
302 creatures vanquished.

Vanquished Creatures (others)
  4 fungi (D:11)
  23 plants
27 creatures vanquished.

Grand Total: 329 creatures vanquished

Notes
Turn   | Place    | Note
-------+----------+-------------------------------------------
     0 | D:1      | lunkers the Formicid Earth Elementalist began the quest for
                  | the Orb.
     0 | D:1      | Reached XP level 1. HP: 13/13 MP: 3/3
    49 | D:1      | Found a faded altar of an unknown god.
    95 | D:1      | Reached skill level 4 in Earth Magic
    96 | D:1      | Reached XP level 2. HP: 19/19 MP: 1/5
   724 | D:1      | Reached XP level 3. HP: 23/24 MP: 2/6
   743 | D:1      | Learned a level 2 spell: Passwall
   747 | D:1      | Learned a level 3 spell: Stone Arrow
  1680 | D:2      | Reached skill level 1 in Conjurations
  1680 | D:2      | Reached XP level 4. HP: 30/30 MP: 4/8
  1737 | D:2      | Identified the +2 leather armour of Magic {Dex+2}
  1818 | D:2      | Reached skill level 5 in Earth Magic
  2227 | D:2      | Reached XP level 5. HP: 35/35 MP: 3/9
  4197 | D:3      | Found an ornate altar of the Wu Jian Council.
  4198 | D:3      | Found a blossoming altar of Fedhas.
  4407 | D:4      | Noticed an ogre
  4435 | D:4      | Killed an ogre
  4436 | D:4      | Reached skill level 6 in Earth Magic
  4436 | D:4      | Reached XP level 6. HP: 17/41 MP: 1/11
  4977 | D:4      | You are sucked into a shaft and drop 3 floors!
  4997 | D:7      | Reached XP level 7. HP: 19/46 MP: 0/12
  5072 | D:7      | Noticed a troll
  5100 | D:7      | Killed a troll
  5101 | D:7      | Reached skill level 7 in Earth Magic
  5436 | D:7      | Reached XP level 8. HP: 52/52 MP: 1/14
  5549 | D:7      | Found a flagged portal.
  5639 | Bailey   | Entered a bailey
  6026 | Bailey   | Reached skill level 8 in Earth Magic
  6338 | Bailey   | Reached skill level 5 in Conjurations
  6675 | Bailey   | Reached skill level 5 in Spellcasting
  6924 | Bailey   | Reached XP level 9. HP: 47/57 MP: 2/16
  7043 | Bailey   | Reached skill level 9 in Earth Magic
  7438 | Bailey   | Identified the +2 pair of gloves of Caustic Awe {+Inv rC+
                  | SInv}
  7582 | D:6      | Found a staircase to the Ecumenical Temple.
  7592 | Temple   | Entered the Ecumenical Temple
  7677 | Temple   | Became a worshipper of Vehumet
  8257 | D:6      | Reached skill level 10 in Earth Magic
  8456 | D:6      | Found a snail-covered altar of Cheibriados.
  8849 | D:5      | Entered Level 5 of the Dungeon
  9055 | D:5      | Reached * piety under Vehumet
  9055 | D:5      | Offered knowledge of Shock by Vehumet.
  9613 | D:5      | Found Mimaduam's Weapon Emporium.
  9794 | D:5      | Found a stormy altar of Qazlal.
 10022 | D:4      | Reached XP level 10. HP: 63/63 MP: 9/19
 10686 | D:7      | Reached skill level 1 in Fighting
 10984 | D:7      | Reached skill level 11 in Earth Magic
 11705 | D:8      | Offered knowledge of Searing Ray by Vehumet.
 11769 | D:8      | Found a broken altar of Ashenzari.
 11782 | D:8      | Found a white marble altar of Elyvilon.
 11884 | D:8      | Reached ** piety under Vehumet
 12507 | D:9      | Found an iron altar of Okawaru.
 13365 | D:9      | Noticed a two-headed ogre
 13371 | D:9      | Killed a two-headed ogre
 13374 | D:9      | Reached skill level 12 in Earth Magic
 13501 | D:9      | Reached XP level 11. HP: 75/75 MP: 14/21
 13501 | D:9      | Noticed a two-headed ogre
 13511 | D:9      | Killed a two-headed ogre
 13791 | D:9      | Offered knowledge of Poisonous Vapours by Vehumet.
 14101 | D:10     | Entered Level 10 of the Dungeon
 14101 | D:10     | Found Dicsuip's Assorted Antiques.
 14105 | D:10     | Bought a ruby potion for 21 gold pieces
 14105 | D:10     | Bought a scroll labelled DOM MUEPSUCOMM for 24 gold pieces
 14158 | D:10     | Noticed a two-headed ogre
 14174 | D:10     | Killed a two-headed ogre
 14265 | D:10     | Reached skill level 13 in Earth Magic
 14580 | D:10     | Reached skill level 5 in Fighting
 14640 | D:10     | Reached *** piety under Vehumet
 14804 | D:10     | Found a runed translucent gate.
 14804 | D:10     | Found a runed translucent gate.
 14804 | D:10     | Noticed a nine-headed hydra
 14804 | D:10     | Noticed DarkBird's ghost (novice DDHu)
 14805 | D:10     | Found a runed translucent gate.
 14826 | D:10     | Noticed a two-headed ogre
 14846 | D:10     | Killed a two-headed ogre
 15228 | D:10     | Found a hide-covered altar of Uskayaw.
 15282 | D:10     | Reached skill level 10 in Conjurations
 15820 | D:11     | Reached XP level 12. HP: 74/86 MP: 17/24
 16018 | D:11     | Offered knowledge of Airstrike by Vehumet.
 16232 | D:11     | Reached skill level 14 in Earth Magic
 16619 | D:11     | Noticed a two-headed ogre
 16623 | D:11     | Killed a two-headed ogre
 16661 | D:11     | Found a staircase to the Lair.
 17328 | D:12     | Noticed a boulder beetle
 17336 | D:12     | Killed a boulder beetle
 17626 | D:12     | Reached **** piety under Vehumet
 17638 | D:12     | Offered knowledge of Ignite Poison by Vehumet.
 17660 | D:12     | HP: 2/86 [purple ugly thing (11)]
 17661 | D:12     | Mangled by a purple ugly thing

Illustrated notes

Levels and vault maps discovered:
D:1:      heliophobic_arrival_glass_houses, layout_basic,
          ebering_ecumenical_altar_abandoned
D:2:      minmay_recursive_quarters, layout_basic
D:3:      layout_loops_ring, gammafunk_temple_overflow_pools
D:4:      layout_loops_cross
D:5:      layout_basic, nicolae_overflow_crystal_walls, serial_shops,
          nicolae_inconvenience_store, minmay_misc_feat_tiny
D:6:      layout_basic, cheibrodos_worm_habitat, temple_statues
D:7:      layout_rooms, enter_bailey_3
D:8:      layout_basic, mainiacjoe_overflow_large_starburst,
          nicolae_ossuary_entry_plus, serial_corexii_hall,
          chequers_hall_statues_y, corexii_hall_statues_i
D:9:      layout_basic, kennysheep_okawaru_gauntlet, nrook_pool_corridor,
          kennysheep_kite_vault
D:10:     kennysheep_ambush_hall, layout_loops_ring,
          mainiacjoe_overflow_alcove_2, serial_shops,
          nicolae_shop_hallway_stairs, gammafunk_ghost_hydra_chop,
          hangedman_decor_points
D:11:     layout_gridville, minmay_lair_entry_grove, roderic_batcave
D:12:     layout_basic, hiddenorc2_lemuel
Temple:   zaba_magenta_temple

Skill      XL: |  1  2  3  4  5  6  7  8  9 10 11 12 |
---------------+-------------------------------------+-----
Earth Magic    | 4 5 6 7 8 10 12 13 14 | 14.5
Conjurations   | 1 2 3 4 5 7 8 10 | 10.8
Spellcasting   | 3 4 5 6 7 8 |  8.7
Fighting       | 3 5 6 |  6.6
Dodging        | |  1.7
Stealth        | |  2.4
Transmutations | |  1.1

Action                   |  1- 3 |  4- 6 |  7- 9 | 10-12 || total
-------------------------+-------+-------+-------+-------++-------
Melee: Unarmed           |    26 |       |       |       ||    26
       Staff             |       |    70 |     7 |    29 ||   106
       Punch             |       |     3 |       |       ||     3
 Cast: Sandblast         |    31 |    23 |    33 |    33 ||   120
       Stone Arrow       |    10 |    46 |   118 |   256 ||   430
Evoke: Wand              |       |       |       |     4 ||     4
       Condenser vane    |       |       |       |     1 ||     1
  Use: Scroll            |       |       |     3 |    17 ||    20
Armor: Robe              |    13 |     1 |       |       ||    14
       Leather armour    |       |    37 |       |       ||    37
       Troll leather arm |       |       |     9 |    66 ||    75
Dodge: Dodged            |    32 |    81 |    39 |   105 ||   257
Block: Buckler           |       |       |       |    20 ||    20

Table legend: (Time is in decaauts)
 A = Elapsed time spent in this place.
 B = Non-inter-level travel time spent in this place.
 C = Inter-level travel time spent in this place.
 D = Time resting spent in this place.
 E = Time spent auto-exploring this place.
 F = Levels seen in this place.
 G = Mean time per level.
                   A        B        C        D        E       F      G
               +--------+--------+--------+--------+--------+-----+--------+
         Total |  17688 |  17287 |    401 |   2075 |  12644 |  14 | 1263.4 |
       Dungeon |  15720 |  15349 |    371 |   1286 |  11949 |  12 | 1310.0 |
        Temple |    104 |     74 |     30 |      0 |     50 |   1 |  104.0 |
        Bailey |   1862 |   1862 |      0 |    789 |    645 |   1 | 1862.0 |
               +--------+--------+--------+--------+--------+-----+--------+

Top non-repeatable levels by time:
     D:2: 1971 daAuts
  Bailey: 1862 daAuts
    D:10: 1805 daAuts
     D:9: 1763 daAuts
    D:11: 1397 daAuts
     D:6: 1355 daAuts
     D:1: 1299 daAuts
     D:4: 1259 daAuts
     D:7: 1207 daAuts
     D:5: 1165 daAuts
     D:8: 1078 daAuts
     D:3: 1051 daAuts
    D:12: 364 daAuts
  Temple: 104 daAuts
